 Dungeon Crawl Stone Soup version 0.27.0-1-g7a089689b8 (webtiles) character file.

Game seed: 11280859371648458113

2494 Anothat the Thaumaturge (level 9, 0/70 HPs)
             Began as a Djinni Wanderer on Aug 9, 2021.
             Splashed by an acid dragon's acid (12 damage)
             ... on level 8 of the Dungeon.
             The game lasted 00:28:14 (12361 turns).

Anothat the Thaumaturge (Djinni Wanderer)          Turns: 12361, Time: 00:28:15

Health: 0/70       AC: -2    Str:  8    XL:     9   Next: 82%
Gold:   228        EV: 12    Int: 16    God:
                   SH:  0    Dex: 14

rFire    + + .     SeeInvis .   n - +8 glaive of Abuse {vamp, Fly Will++ Str-3 Stlth-}
rCold    x . .     Faith    .   (shield currently unavailable)
rNeg     . . .     Spirit   .   c - +0 robe
rPois    ∞         Reflect  .   (no helmet)
rElec    .         Harm     .   (no cloak)
rCorr    .         Rampage  .   (no gloves)
Will     ++...                  (boots unavailable)
Stlth    ..........             (no amulet)
HPRegen  0.21/turn              (no ring)
MPRegen  0.00/turn              (no ring)

@: corroded, flying
A: sickness immunity, fire resistance 2, cold vulnerability 1, float, innate
caster, hp casting, extra vitality 1
a: no special abilities


You were on level 8 of the Dungeon.
You visited 2 branches of the dungeon, and saw 9 of its levels.

You collected 443 gold pieces.
You spent 215 gold pieces at shops.

Inventory:

Hand Weapons
 a - a +0 dagger
 n - the +8 glaive of Abuse (weapon) {vamp, Fly Will++ Str-3 Stlth-}
   (You acquired it on level 7 of the Dungeon)

   It occasionally heals its wielder for a portion of the damage dealt when it
   wounds a living foe.
   Str:       It affects your strength (-3).
   Fly:       It grants you flight.
   Will:      It greatly increases your willpower.
   Stlth:     It makes you less stealthy.
 r - a +0 dagger of speed
 s - a +3 spear of venom
Armour
 b - a +0 buckler
 c - a +0 robe (worn)
Magical Staves
 E - a staff of fire
Jewellery
 j - a +4 ring of evasion
 q - a +4 ring of protection
 u - a ring of see invisible
 D - an amulet of faith
Wands
 p - a wand of digging (3)
 A - a wand of flame (4)
 C - a wand of charming (8)
Scrolls
 g - 4 scrolls of teleportation
 h - 3 scrolls of magic mapping
 v - 3 scrolls of identify
 y - a scroll of torment {unknown}
 F - a scroll of brand weapon {unknown}
Potions
 d - a potion of curing
 e - a potion of lignification {unknown}
 f - a potion of mutation {unknown}
 i - 4 potions of brilliance
 k - a potion of ambrosia {unknown}
 l - a potion of berserk rage {unknown}
 m - 2 potions of resistance
 t - a potion of attraction {unknown}
 z - a potion of haste {unknown}


   Skills:
 + Level 8.2 Fighting
 * Level 2.8 Polearms
 + Level 2.5 Dodging
 - Level 1.0 Shields
 + Level 9.2 Spellcasting
 - Level 1.0 Evocations


You had 5 spell levels left.
You knew the following spells:

 Your Spells              Type           Power      Damage    Failure   Level
a - Magic Dart            Conj           100%       1d8       1%          1
b - Blink                 Tloc           N/A        N/A       1%          2
c - Call Imp              Summ           37%        N/A       1%          2
d - Slow                  Hex            37%        N/A       1%          2
e - Conjure Flame         Conj/Fire      37%        6-21      1%          3
f - Mephitic Cloud        Conj/Pois/Air  37%        N/A       1%          3
g - Sandblast             Erth           74%        2d16      1%          1
h - Ensorcelled Hibernat  Hex/Ice        74%        N/A       1%          2
i - Passwall              Tmut/Erth      30%        N/A       1%          2
j - Teleport Other        Tloc           37%        N/A       1%          3

Your spell library contained the following spells:

 Spells                   Type           Power      Damage    Failure   Level


Dungeon Overview and Level Annotations

Branches:
Dungeon (8/15)             Temple (1/1) D:6
   Lair: D:8-11

Altars:
Ashenzari
Cheibriados
Dithmenos
Elyvilon
Fedhas
Hepliaklqana
Kikubaaqudgha
Okawaru
Qazlal
Ru
Sif Muna
Trog
Uskayaw
Vehumet
Wu Jian
Xom
Yredelemnul
Zin
The Shining One

Shops:
D:5 ?*!


Innate Abilities, Weirdness & Mutations

You are immune to sickness and miasma.
You are immune to poison.
Your flesh is very heat resistant. (rF++)
You are vulnerable to cold. (rC-)
You float through the air rather than walking.
You learn spells naturally, not from books.
Your magical power is your life essence.
You have superior vitality. (+4 HP)


Message History

Confirm with . or Enter, or press ? or * to list all spells.
You can't see any susceptible monsters within range! (Use Z to cast anyway.) Unknown command.
Casting: Mephitic Cloud (safe; 1% risk of failure)
Confirm with . or Enter, or press ? or * to list all spells.
Okay, then.
Casting: Mephitic Cloud (safe; 1% risk of failure)
Confirm with . or Enter, or press ? or * to list all spells.
Aiming: Ensorcelled Hibernation (safe; 1% risk of failure)
Press: ? - help, Shift-Dir - straight line, f - acid dragon
Aim: an acid dragon (chance to affect: 65%)
The acid dragon resists with significant effort.
The acid dragon spits acid at you. The splash of acid hits you!
You are splashed with acid!
Casting: Ensorcelled Hibernation (safe; 1% risk of failure)
Confirm with . or Enter, or press ? or * to list all spells.
Aiming: Ensorcelled Hibernation (safe; 1% risk of failure)
Press: ? - help, Shift-Dir - straight line, f/p - acid dragon
Aim: an acid dragon (catching its breath, chance to affect: 65%)
The acid dragon looks drowsy...
The helpless acid dragon fails to defend itself.
You slash the acid dragon!
The acid dragon is moderately wounded.
The acid dragon spits acid at you. The splash of acid hits you!
The acid corrodes you!
You are splashed with acid!
Okay, then.
Casting: Ensorcelled Hibernation (safe; 1% risk of failure)
Confirm with . or Enter, or press ? or * to list all spells.
Aiming: Ensorcelled Hibernation (safe; 1% risk of failure)
Press: ? - help, Shift-Dir - straight line, f/p - acid dragon
Aim: an acid dragon (moderately wounded, catching its breath, not susceptible)
Okay, then.
Blink to where?
Press: ? - help, Dir - move target, p - acid dragon
As you read the scroll of blinking, it crumbles to dust.
The acid dragon spits acid at you. The splash of acid hits you!
* * * LOW HITPOINT WARNING * * *
You are splashed with acid!
You die...

#.# ##.## #...#
#...# #...# ##.##
..#######.#
.......<..##
.####.##@..#
#.#.###.# ###
#...# ..)..#
###.###>###.#
#....# #.# #.####
#.# #######D###
#.#
..........#####§#
#######.......D.#


You could see an acid dragon (catching breath).

Vanquished Creatures
  A two-headed ogre (D:6)
  A sky beast (D:7)
  An orc warrior (D:6)
  2 ogres
  2 centaurs (D:7)
  A phantom (D:5)
  A scorpion (D:5)
  2 howler monkeys
  A centaur zombie (D:6)
  4 hounds
  A jelly (D:5)
  A gnoll shaman (D:7)
  4 iguanas
  An orc wizard (D:6)
  2 hell rats (D:7)
  2 gnolls (D:7)
  9 river rats (D:7)
  5 adders
  A shadow imp (D:6)
  A white imp (D:7)
  An ufetubus (D:7)
  An adder skeleton (D:4)
  3 worms
  3 dart slugs
  10 orcs
  4 bats
  12 endoplasms
  4 giant cockroaches
  4 goblins
  7 hobgoblins
  9 jackals
  9 kobolds
  7 quokkas
  9 ball pythons
  A frilled lizard (D:2)
  A quokka skeleton (D:4)
  21 rats
149 creatures vanquished.

Vanquished Creatures (collateral kills)
  A steam dragon (D:7)
  2 sky beasts
  A necrophage (D:6)
  An ogre (D:3)
  A bullfrog (D:7)
  A centaur zombie (D:5)
  A hound (D:6)
  A bullfrog skeleton (D:6)
  A centaur skeleton (D:6)
  2 hell rats (D:7)
  5 gnolls
  An adder (D:2)
  A white imp (D:7)
  A worm (D:2)
  3 orcs
  2 endoplasms (D:2)
  A hobgoblin (D:2)
  4 jackals
  A kobold (D:2)
  A quokka (D:2)
  3 ball pythons
  3 rats
38 creatures vanquished.

Grand Total: 187 creatures vanquished

Notes
Turn   | Place    | Note
-------+----------+-------------------------------------------
     0 | D:1      | Anothat the Djinni Wanderer began the quest for the Orb.
     0 | D:1      | Reached XP level 1. HP: 15/15 MP: 0/0
   373 | D:1      | Reached skill level 1 in Fighting
   373 | D:1      | Reached XP level 2. HP: 16/22 MP: 0/0
   902 | D:1      | Reached XP level 3. HP: 22/27 MP: 0/0
   902 | D:1      | Learned a level 1 spell: Sandblast
  1119 | D:1      | Found a faded altar of an unknown god.
  2103 | D:2      | Found a blossoming altar of Fedhas.
  2166 | D:2      | Reached XP level 4. HP: 27/33 MP: 0/0
  2387 | D:2      | Reached skill level 7 in Spellcasting
  3068 | D:2      | Reached XP level 5. HP: 37/40 MP: 0/0
  3068 | D:2      | Learned a level 2 spell: Ensorcelled Hibernation
  3342 | D:3      | Found a hide-covered altar of Uskayaw.
  3480 | D:3      | Noticed an ogre
  3509 | D:3      | Killed an ogre
  3897 | D:3      | Found a stormy altar of Qazlal.
  3897 | D:3      | Found an iron altar of Okawaru.
  4118 | D:4      | Reached XP level 6. HP: 37/46 MP: 0/0
  4672 | D:4      | Noticed an ogre
  4682 | D:4      | Killed an ogre
  4912 | D:4      | Noticed an ogre
  5511 | D:4      | Reached XP level 7. HP: 37/53 MP: 0/0
  5511 | D:4      | Learned a level 2 spell: Passwall
  5847 | D:4      | Found a glowing silver altar of Zin.
  5867 | D:5      | Entered Level 5 of the Dungeon
  5893 | D:5      | Found Zilellim's Magic Scroll Boutique.
  6026 | D:5      | Bought a scroll of blinking for 105 gold pieces
  6119 | D:5      | Found Oghec's Assorted Antiques.
  6288 | D:5      | Reached skill level 5 in Fighting
  6667 | D:5      | Found Jiamoud's Distillery.
  6676 | D:5      | Bought a potion of heal wounds for 55 gold pieces
  6676 | D:5      | Bought a potion of heal wounds for 55 gold pieces
  6880 | D:6      | Reached skill level 8 in Spellcasting
  7080 | D:6      | Reached XP level 8. HP: 50/61 MP: 0/0
  7140 | D:6      | Noticed a two-headed ogre
  7141 | D:6      | Found a bloodstained altar of Trog.
  8442 | D:6      | Found a broken altar of Ashenzari.
  8507 | D:6      | Killed a two-headed ogre
  8508 | D:6      | Reached XP level 9. HP: 39/68 MP: 0/0
  8508 | D:6      | Learned a level 3 spell: Teleport Other
  8662 | D:6      | Found a snail-covered altar of Cheibriados.
  8795 | D:6      | Found a shimmering altar of Xom.
  8806 | D:6      | Reached skill level 9 in Spellcasting
  8926 | D:6      | Found a staircase to the Ecumenical Temple.
  8987 | Temple   | Entered the Ecumenical Temple
  9706 | D:6      | Found an ornate altar of the Wu Jian Council.
  9986 | D:7      | Found a hazy altar of Hepliaklqana.
 10044 | D:7      | Reached skill level 1 in Polearms
 10044 | D:7      | Reached skill level 1 in Dodging
 11895 | D:7      | Identified a scroll of acquirement
 11895 | D:7      | Acquired the +8 glaive of Abuse {vamp, Fly Will++ Str-3
                  | Stlth-}
 12361 | D:8      | Splashed by an acid dragon's acid

Illustrated notes

Levels and vault maps discovered:
D:1:      wheals_arrival_shading, layout_basic, shapermc_ecumenical_altar_petra
D:2:      layout_basic, basic_altar, wad_floor_pattern_2
D:3:      layout_loops_ring, mainiacjoe_overflow_brackets,
          mainiacjoe_overflow_large_starburst
D:4:      minmay_wonky_spiral, layout_loops_ring, zin_statuary,
          hangedman_feature_mirror
D:5:      layout_cave_pools, mainiacjoe_overflow_cross_hatched,
          lemuel_tele_altar, serial_shops, shop, nicolae_shop_statue_plus,
          nicolae_shop_competitors_out_of_business, small_statue_intersection
D:6:      layout_basic, slow_altar_1, pdpol_wu_jian_five_deadly_venoms,
          cheibrodos_ashenzari_chains, minmay_temple_entry_statues_fountains,
          st_stairs_12, hangedman_decor_push, chequers_mini_garden,
          nicolae_zen_rock_garden, hangedman_feature_mirror
D:7:      lemuel_ratsnest, layout_gridville, lemuel_crystal_altar, st_stairs_1
D:8:      layout_loops_ring, lemuel_coloured_pillars_altar,
          hellmonk_bongcloud_opening, uniq_gastronok
Temple:   chequers_temple_sunken

Skill      XL: |  1  2  3  4  5  6  7  8  9 |
---------------+----------------------------+-----
Fighting       | 1 2 3 4 5 7 8 |  8.2
Spellcasting   | 7 8 9 |  9.2
Polearms       | 2 |  2.8
Dodging        | 2 |  2.5
Shields        | |  1.0
Evocations     | |  1.0

Action                   |  1- 3 |  4- 6 |  7- 9 || total
-------------------------+-------+-------+-------++-------
Melee: Dagger            |    12 |     7 |       ||    19
       Spear             |       |    47 |   196 ||   243
       Glaive            |       |       |     7 ||     7
 Cast: Magic Dart        |    67 |    72 |    45 ||   184
       Call Imp          |     3 |    12 |    37 ||    52
       Mephitic Cloud    |       |    15 |    33 ||    48
       Slow              |       |     1 |       ||     1
       Blink             |       |     1 |     2 ||     3
       Ensorcelled Hiber |       |       |     3 ||     3
Evoke: Wand              |       |       |     8 ||     8
  Use: Scroll            |       |     8 |     8 ||    16
       Potion            |       |       |     6 ||     6
 Stab: Sleeping          |       |     1 |     1 ||     2
       Confused          |       |       |    10 ||    10
       Distracted        |       |       |     1 ||     1
Armor: Robe              |     5 |    10 |    13 ||    28
Dodge: Dodged            |    10 |    25 |    83 ||   118
Block: Buckler           |       |    13 |    30 ||    43
